AoeStats
← PNAL | x_lintu_x

Arabia

509122744Analyzed
1v1 RM · 7d ago on Sep 25, 2026· 19m 21s· 2 players
Game mode
Random Map
Map size
Tiny (2 player)
Population
200
Speed
Normal
Resources
Standard
Victory
Conquest
Starting age
Dark Age
Ending age
Imperial Age
RankedLock teamsTeams togetherTeam positionsShared explorationLock speedFull tech treeHidden civsTurbo modeCheats
Victory
Defeat
🇦🇷 Ethiopians · Argentina
1094
+17
🇩🇪 Saxons · Germany
1120
-17
PNAL | x_lintu_x
6:56 Loom
9:15 Feudal Age
10:39 Double-Bit Axe
12:55 Fletching
Furor_Teutonicus
6:32 Loom
9:06 Feudal Age
9:35 Double-Bit Axe
13:21 Horse Collar
Connection lost

Rejoining the realm…

Still unreachable

The connection could not be restored.

Session expired

The server has moved on; the page needs a fresh start.